| TOP OF THE 1ST |
|
Vanderbilt University Commodores batting - Pitching for University of South Carolina Gamecocks : LHP Tara Kawashima
|
|
Pitching: LHP Tara Kawashima
|
|
|
Batting: LHB Nate Greening
|
0-0: Ball 1-0: DOUBLE (Line Drive, 7LM, EV 107.5 MPH)
|
|
Batting: RHB Gary Smith
|
0-0: Ball 1-0: Ball 2-0: Foul Ball, location: 2F 2-1: Ground out 6-3 (Groundball, 6D, EV 105.0 MPH)
|
|
Batting: LHB Pete Mitchell
|
0-0: Ball 1-0: Ball 2-0: Ball 3-0: Base on Balls
|
|
Batting: RHB Luis Jara
|
0-0: Ball 1-0: Ball 2-0: Foul Ball, location: 2F 2-1: SINGLE (Line Drive, 7LS, EV 100.0 MPH) Nate Greening to third Pete Mitchell to second Runner from 3rd tries for Home, SAFE, throw by LF to home
|
|
Batting: RHB Pakiana Kileona
|
0-0: Swinging Strike 0-1: Foul Ball, location: 2F 0-2: Foul Ball, location: 2F 0-2: Foul Ball, location: 2F 0-2: Foul Ball, location: 2F 0-2: Ball 1-2: Grounds into double play, 6-4-3 (Groundball, 6, EV 108.1 MPH)
|
| Top of the 1st over - 1 run, 2 hits, 0 errors, 1 left on base; Vanderbilt University 1 - University of South Carolina 0 |
| BOTTOM OF THE 1ST |
|
University of South Carolina Gamecocks batting - Pitching for Vanderbilt University Commodores : LHP Choji Tominaga
|
|
Pitching: LHP Choji Tominaga
|
|
|
Batting: RHB Colin Morris
|
0-0: DOUBLE (Line Drive, 9LS, EV 88.1 MPH)
|
|
Batting: RHB Mike Berzins
|
0-0: Ball 1-0: Ball 2-0: Called Strike 2-1: Ball 3-1: Foul Ball, location: 2F 3-2: Base on Balls
|
|
Batting: RHB Jim Smallwood
|
0-0: Grounds into double play, 4-6-3 (Groundball, 4, EV 80.0 MPH) Colin Morris to third
|
|
Batting: RHB Emanuel Estrada
|
0-0: Called Strike 0-1: Fly out, F9 (Flyball, 9, EV 95.6 MPH)
|
| Bottom of the 1st over - 0 runs, 1 hit, 0 errors, 1 left on base; Vanderbilt University 1 - University of South Carolina 0 |
| TOP OF THE 2ND |
|
Vanderbilt University Commodores batting - Pitching for University of South Carolina Gamecocks : LHP Tara Kawashima
|
|
Batting: LHB Mario Garza
|
0-0: Ball 1-0: Called Strike 1-1: Fly out, F4 (Popup, 34S, EV 83.1 MPH)
|
|
Batting: SHB Felipe Campanella
|
0-0: Ball 1-0: Foul Ball, location: 2F 1-1: Ground out 3-1 (Groundball, 34, EV 96.9 MPH)
|
|
Batting: LHB Abdul-Hakim Jibril
|
0-0: Ground out 4-3 (Groundball, 34, EV 79.4 MPH)
|
| Top of the 2nd over - 0 runs, 0 hits, 0 errors, 0 left on base; Vanderbilt University 1 - University of South Carolina 0 |
| BOTTOM OF THE 2ND |
|
University of South Carolina Gamecocks batting - Pitching for Vanderbilt University Commodores : LHP Choji Tominaga
|
|
Batting: LHB John Harvey
|
0-0: SINGLE (Line Drive, 7S, EV 94.4 MPH)
|
|
Batting: RHB Pablo Henriquez
|
0-0: Foul Ball, location: 2F 0-1: Ball 1-1: Fly out, F7 (Flyball, 78S, EV 85.0 MPH)
|
|
Batting: LHB Bruce Daley
|
0-0: Called Strike 0-1: Swinging Strike 0-2: Grounds into double play, 1-6-3 (Groundball, 13S, EV 69.4 MPH)
|
| Bottom of the 2nd over - 0 runs, 1 hit, 0 errors, 0 left on base; Vanderbilt University 1 - University of South Carolina 0 |
| TOP OF THE 3RD |
|
Vanderbilt University Commodores batting - Pitching for University of South Carolina Gamecocks : LHP Tara Kawashima
|
|
Batting: RHB Edwin Sierra
|
0-0: Ball 1-0: Foul Ball, location: 2F 1-1: Foul Ball, location: 2F 1-2: Ball 2-2: Ball 3-2: Base on Balls
|
|
Batting: LHB Nate Greening
|
0-0: Ball 1-0: Called Strike 1-1: Ball 2-1: SINGLE (Line Drive, 9S, EV 90.6 MPH) Edwin Sierra to second
|
|
Batting: RHB Gary Smith
|
0-0: Fly out, F8 (Flyball, 8LM, EV 90.6 MPH)
|
|
Batting: LHB Pete Mitchell
|
0-0: Ball 1-0: Ball 2-0: Foul Ball, location: 2F 2-1: Called Strike 2-2: Fly out, F7 (Flyball, 78M, EV 97.5 MPH)
|
|
Batting: RHB Luis Jara
|
0-0: SINGLE (Line Drive, 6MD, EV 110.0 MPH) Edwin Sierra to third Nate Greening to second Runner from 3rd tries for Home, SAFE, throw by CF to home
|
|
Batting: RHB Pakiana Kileona
|
0-0: Called Strike 0-1: Ball 1-1: Swinging Strike 1-2: Strikes out swinging
|
| Top of the 3rd over - 1 run, 2 hits, 0 errors, 2 left on base; Vanderbilt University 2 - University of South Carolina 0 |
| BOTTOM OF THE 3RD |
|
University of South Carolina Gamecocks batting - Pitching for Vanderbilt University Commodores : LHP Choji Tominaga
|
|
Batting: RHB Christopher Arnett
|
0-0: Ball 1-0: Ball 2-0: Swinging Strike 2-1: Foul Ball, location: 2F 2-2: Strikes out swinging
|
|
Batting: LHB Taro Inamine
|
0-0: Foul Ball, location: 2F 0-1: Swinging Strike 0-2: Strikes out swinging
|
|
Batting: RHB Colin Morris
|
0-0: Fly out, F8 (Flyball, 8LD, EV 90.0 MPH)
|
| Bottom of the 3rd over - 0 runs, 0 hits, 0 errors, 0 left on base; Vanderbilt University 2 - University of South Carolina 0 |
| TOP OF THE 4TH |
|
Vanderbilt University Commodores batting - Pitching for University of South Carolina Gamecocks : LHP Tara Kawashima
|
|
Batting: LHB Mario Garza
|
0-0: Ball 1-0: Ball 2-0: Ball 3-0: Base on Balls
|
|
Batting: SHB Felipe Campanella
|
0-0: Called Strike 0-1: Ball 1-1: Ball 2-1: Ball 3-1: Foul Ball, location: 2F 3-2: Strikes out looking
|
|
Batting: LHB Abdul-Hakim Jibril
|
0-0: Called Strike Mario Garza steals 2nd base 0-1: Ball 1-1: Foul Ball, location: 2F 1-2: Fly out, F8 (Flyball, 78M, EV 91.2 MPH)
|
|
Batting: RHB Edwin Sierra
|
0-0: Called Strike 0-1: Foul Ball, location: 2F 0-2: Ball 1-2: Foul Ball, location: 2F 1-2: Strikes out swinging
|
| Top of the 4th over - 0 runs, 0 hits, 0 errors, 1 left on base; Vanderbilt University 2 - University of South Carolina 0 |
| BOTTOM OF THE 4TH |
|
University of South Carolina Gamecocks batting - Pitching for Vanderbilt University Commodores : LHP Choji Tominaga
|
|
Batting: RHB Mike Berzins
|
0-0: Ball 1-0: Ball 2-0: Ball 3-0: Base on Balls
|
|
Batting: RHB Jim Smallwood
|
0-0: Ball 1-0: SINGLE (Groundball, 6MD, EV 103.1 MPH) Mike Berzins to second Runner from 2nd tries for 3rd, SAFE, no throw by CF
|
|
Batting: RHB Emanuel Estrada
|
0-0: Called Strike 0-1: Ball 1-1: SINGLE (Groundball, 6MD, EV 102.5 MPH) Mike Berzins scores Jim Smallwood to second Runner from 2nd tries for 3rd, SAFE, no throw by CF
|
|
Batting: LHB John Harvey
|
0-0: Fly out, F7 (Flyball, 7, EV 84.4 MPH)
|
|
Batting: RHB Pablo Henriquez
|
0-0: Called Strike 0-1: Called Strike 0-2: SINGLE (Line Drive, 9LS, EV 93.1 MPH) Jim Smallwood scores Emanuel Estrada to second Runner from 2nd tries for 3rd, SAFE, no throw by RF
|
|
Batting: LHB Bruce Daley
|
0-0: Ball 1-0: Ball 2-0: Foul Ball, location: 2F 2-1: Swinging Strike 2-2: Ball 3-2: Grounds into double play, 5-4-3 (Groundball, 5, EV 87.5 MPH)
|
| Bottom of the 4th over - 2 runs, 3 hits, 0 errors, 1 left on base; Vanderbilt University 2 - University of South Carolina 2 |
| TOP OF THE 5TH |
|
Vanderbilt University Commodores batting - Pitching for University of South Carolina Gamecocks : LHP Tara Kawashima
|
|
Batting: LHB Nate Greening
|
0-0: Called Strike 0-1: Called Strike 0-2: Foul Ball, location: 2F 0-2: Ball 1-2: Ball 2-2: Ball 3-2: Strikes out swinging
|
|
Batting: RHB Gary Smith
|
0-0: Foul Ball, location: 2F 0-1: SOLO HOME RUN (Flyball, 9LD, EV 97.5 MPH), Distance : 351 ft
|
|
Batting: LHB Pete Mitchell
|
0-0: Ball 1-0: Called Strike 1-1: Ball 2-1: DOUBLE (Line Drive, 8LXD, EV 102.5 MPH)
|
|
Pitching: RHP Francisco Landin
|
|
|
Batting: RHB Luis Jara
|
0-0: Ball 1-0: Called Strike 1-1: Ball 2-1: Ball 3-1: DOUBLE (Flyball, 8RD, EV 98.8 MPH) Pete Mitchell scores
|
|
Batting: RHB Pakiana Kileona
|
0-0: Called Strike 0-1: Ball 1-1: Swinging Strike 1-2: Ball 2-2: Fly out, F7 (Flyball, 78M, EV 88.1 MPH)
|
|
Batting: LHB Mario Garza
|
0-0: Ball 1-0: Ground out 6-3 (Groundball, 56, EV 91.9 MPH)
|
| Top of the 5th over - 2 runs, 3 hits, 0 errors, 1 left on base; Vanderbilt University 4 - University of South Carolina 2 |
| BOTTOM OF THE 5TH |
|
University of South Carolina Gamecocks batting - Pitching for Vanderbilt University Commodores : LHP Choji Tominaga
|
|
Batting: RHB Christopher Arnett
|
0-0: Called Strike 0-1: Called Strike 0-2: Fly out, F7 (Line Drive, 7, EV 100.0 MPH)
|
|
Batting: LHB Taro Inamine
|
0-0: Foul Ball, location: 2F 0-1: Fly out, F7 (Flyball, 7LM, EV 85.6 MPH)
|
|
Batting: RHB Colin Morris
|
0-0: Swinging Strike 0-1: Fly out, F8 (Flyball, 8RD, EV 83.8 MPH)
|
| Bottom of the 5th over - 0 runs, 0 hits, 0 errors, 0 left on base; Vanderbilt University 4 - University of South Carolina 2 |
| TOP OF THE 6TH |
|
Vanderbilt University Commodores batting - Pitching for University of South Carolina Gamecocks : RHP Francisco Landin
|
|
Batting: SHB Felipe Campanella
|
0-0: Fly out, F8 (Flyball, 8LM, EV 88.8 MPH)
|
|
Batting: LHB Abdul-Hakim Jibril
|
0-0: Called Strike 0-1: Foul Ball, location: 2F 0-2: Ball 1-2: Strikes out swinging
|
|
Batting: RHB Edwin Sierra
|
0-0: Called Strike 0-1: Ball 1-1: Ball 2-1: Ball 3-1: Called Strike 3-2: Base on Balls
|
|
Batting: LHB Nate Greening
|
0-0: Ball 1-0: SINGLE (Line Drive, 8RS, EV 103.8 MPH) Edwin Sierra to second
|
|
Batting: RHB Gary Smith
|
0-0: Ball 1-0: Ball 2-0: Ball 3-0: Called Strike 3-1: Ground out 1-3 (Groundball, 13S, EV 62.5 MPH)
|
| Top of the 6th over - 0 runs, 1 hit, 0 errors, 2 left on base; Vanderbilt University 4 - University of South Carolina 2 |
| BOTTOM OF THE 6TH |
|
University of South Carolina Gamecocks batting - Pitching for Vanderbilt University Commodores : LHP Choji Tominaga
|
|
Batting: RHB Mike Berzins
|
0-0: Ground out 4-3 (Groundball, 4M, EV 84.4 MPH)
|
|
Batting: RHB Jim Smallwood
|
0-0: Ground out 6-3 (Groundball, 6, EV 85.0 MPH)
|
|
Batting: RHB Emanuel Estrada
|
0-0: Fly out, F4 (Flyball, 34D, EV 86.2 MPH)
|
| Bottom of the 6th over - 0 runs, 0 hits, 0 errors, 0 left on base; Vanderbilt University 4 - University of South Carolina 2 |
| TOP OF THE 7TH |
|
Vanderbilt University Commodores batting - Pitching for University of South Carolina Gamecocks : RHP Francisco Landin
|
|
Pitching: RHP Jose Barrientos
|
|
|
Batting: LHB Pete Mitchell
|
0-0: Ball 1-0: Ball 2-0: Called Strike 2-1: SOLO HOME RUN (Flyball, 78XD, EV 110.0 MPH), Distance : 414 ft
|
|
Batting: RHB Luis Jara
|
0-0: Called Strike 0-1: Swinging Strike 0-2: Ball 1-2: DOUBLE (Line Drive, 8RD, EV 105.6 MPH)
|
|
Batting: RHB Pakiana Kileona
|
0-0: Ground out 5-3 (Groundball, 56, EV 83.8 MPH)
|
|
Batting: LHB Mario Garza
|
0-0: Ball 1-0: Swinging Strike 1-1: 2-RUN HOME RUN (Flyball, 7D, EV 98.8 MPH), Distance : 393 ft
|
|
Pitching: RHP Takuzo Sato
|
|
|
Batting: SHB Felipe Campanella
|
0-0: Ball 1-0: SINGLE (Groundball, 6S, EV 66.9 MPH) (infield hit)
|
|
Batting: LHB Abdul-Hakim Jibril
|
0-0: Called Strike 0-1: Called Strike 0-2: Foul Ball, location: 2F 0-2: Fly out, F8 (Flyball, 8LS, EV 82.5 MPH)
|
|
Batting: RHB Edwin Sierra
|
0-0: Ball 1-0: Swinging Strike 1-1: Ball 2-1: Foul Ball, location: 2F 2-2: Foul Ball, location: 2F 2-2: SINGLE (Groundball, 6MS, EV 66.2 MPH) (infield hit) Felipe Campanella to second
|
|
Batting: LHB Nate Greening
|
0-0: Called Strike 0-1: Foul Ball, location: 2F 0-2: Strikes out swinging
|
| Top of the 7th over - 3 runs, 5 hits, 0 errors, 2 left on base; Vanderbilt University 7 - University of South Carolina 2 |
| BOTTOM OF THE 7TH |
|
University of South Carolina Gamecocks batting - Pitching for Vanderbilt University Commodores : LHP Choji Tominaga
|
|
Batting: LHB John Harvey
|
0-0: Called Strike 0-1: Foul Ball, location: 2F 0-2: Strikes out swinging
|
|
Batting: RHB Pablo Henriquez
|
0-0: Called Strike 0-1: Ball 1-1: SINGLE (Line Drive, 78S, EV 95.6 MPH)
|
|
Batting: LHB Bruce Daley
|
0-0: Ball 1-0: SINGLE (Groundball, 34D, EV 103.1 MPH) Pablo Henriquez to second Runner from 2nd tries for 3rd, SAFE, no throw by RF
|
|
Batting: RHB Christopher Arnett
|
0-0: Ball 1-0: Ball 2-0: Fly out, F9 (Line Drive, 9S, EV 101.2 MPH)
|
|
Batting: LHB Taro Inamine
|
0-0: Called Strike 0-1: Called Strike 0-2: Strikes out swinging
|
| Bottom of the 7th over - 0 runs, 2 hits, 0 errors, 2 left on base; Vanderbilt University 7 - University of South Carolina 2 |
| TOP OF THE 8TH |
|
Vanderbilt University Commodores batting - Pitching for University of South Carolina Gamecocks : RHP Takuzo Sato
|
|
Batting: RHB Gary Smith
|
0-0: Called Strike 0-1: Ground out 6-3 (Groundball, 6, EV 96.2 MPH)
|
|
Batting: LHB Pete Mitchell
|
0-0: SINGLE (Line Drive, 8RS, EV 85.0 MPH)
|
|
Batting: RHB Luis Jara
|
0-0: Called Strike 0-1: Ball Pete Mitchell steals 2nd base 1-1: DOUBLE (Flyball, 89D, EV 96.9 MPH) Pete Mitchell scores
|
|
Batting: RHB Pakiana Kileona
|
0-0: Foul Ball, location: 2F 0-1: Foul Ball, location: 2F 0-2: Strikes out swinging
|
|
Batting: LHB Mario Garza
|
0-0: Ball 1-0: Ball 2-0: Called Strike 2-1: Swinging Strike 2-2: Strikes out swinging
|
| Top of the 8th over - 1 run, 2 hits, 0 errors, 1 left on base; Vanderbilt University 8 - University of South Carolina 2 |
| BOTTOM OF THE 8TH |
|
University of South Carolina Gamecocks batting - Pitching for Vanderbilt University Commodores : LHP Choji Tominaga
|
|
Batting: RHB Colin Morris
|
0-0: Called Strike 0-1: Ball 1-1: Ball 2-1: Foul Ball, location: 2F 2-2: Ball 3-2: Ground out U3 (Groundball, 34S, EV 88.8 MPH)
|
|
Batting: RHB Mike Berzins
|
0-0: Called Strike 0-1: Foul Ball, location: 2F 0-2: Foul Ball, location: 2F 0-2: Ball 1-2: Ball 2-2: Ball 3-2: DOUBLE (Line Drive, 9LS, EV 107.5 MPH)
|
|
Pitching: RHP Matt Lane
|
|
|
Batting: RHB Jim Smallwood
|
0-0: DOUBLE (Line Drive, 9LM, EV 93.8 MPH) Mike Berzins scores
|
|
Batting: RHB Emanuel Estrada
|
0-0: Ball 1-0: Foul Ball, location: 2F 1-1: Foul Ball, location: 2F 1-2: 2-RUN HOME RUN (Flyball, 7D, EV 103.1 MPH), Distance : 403 ft
|
|
Batting: LHB John Harvey
|
0-0: Called Strike 0-1: Ball 1-1: Ball 2-1: Foul Ball, location: 2F 2-2: Ball 3-2: Foul Ball, location: 2F 3-2: DOUBLE (Groundball, 5L, EV 106.2 MPH)
|
|
Batting: RHB Pablo Henriquez
|
0-0: Foul Ball, location: 2F 0-1: Ball 1-1: Ball 2-1: Ground out 6-3 (Groundball, 6, EV 76.2 MPH)
|
|
Pitching: LHP Kyle McGuire
|
|
|
Pinch Hitting: LHB Jose Mafano
|
0-0: Ball 1-0: Ball 2-0: Ball 3-0: Called Strike 3-1: Base on Balls
|
|
Batting: RHB Christopher Arnett
|
0-0: Called Strike 0-1: Ball 1-1: Fielders Choice at 2nd, 5-4 (Groundball, 5, EV 86.9 MPH)
|
| Bottom of the 8th over - 3 runs, 4 hits, 0 errors, 2 left on base; Vanderbilt University 8 - University of South Carolina 5 |
| TOP OF THE 9TH |
|
Vanderbilt University Commodores batting - Pitching for University of South Carolina Gamecocks : RHP Takuzo Sato
|
|
Pitching: LHP Josh Schmidt
|
|
|
Now at 1B: Jose Mafano
|
|
|
Batting: SHB Felipe Campanella
|
0-0: Ball 1-0: Called Strike 1-1: Called Strike 1-2: Strikes out looking
|
|
Pinch Hitting: RHB Chris Horton
|
0-0: Ground out 5-3 (Groundball, 5, EV 85.0 MPH)
|
|
Batting: RHB Edwin Sierra
|
0-0: Ball 1-0: Ball 2-0: Fly out, F9 (Line Drive, 9, EV 85.6 MPH)
|
| Top of the 9th over - 0 runs, 0 hits, 0 errors, 0 left on base; Vanderbilt University 8 - University of South Carolina 5 |
| BOTTOM OF THE 9TH |
|
University of South Carolina Gamecocks batting - Pitching for Vanderbilt University Commodores : LHP Kyle McGuire
|
|
Pitching: RHP Milutin Mladjenovic
|
|
|
Now in LF: Mario Garza
|
|
|
Now in CF: Chad Carlson
|
|
|
Batting: RHB Mike Chiquete
|
0-0: Fly out, F8 (Flyball, 89XD, EV 109.4 MPH)
|
|
Batting: RHB Colin Morris
|
0-0: Ball 1-0: Called Strike 1-1: Swinging Strike 1-2: Strikes out swinging
|
|
Batting: RHB Mike Berzins
|
0-0: Ground out 6-3 (Groundball, 6M, EV 104.4 MPH)
|
| Bottom of the 9th over - 0 runs, 0 hits, 0 errors, 0 left on base; Vanderbilt University 8 - University of South Carolina 5 |
|